 Dungeon Crawl Stone Soup version 0.29-a0-717-g6dac4ea423 (webtiles) character file.

Game seed: 6962968767422559854

661 Pooter the Chopper (level 7, -4/61 HPs)
             Began as a Minotaur Berserker on June 26, 2022.
             Was a Priest of Trog.
             Slain by a worm (5 damage)
             ... on level 5 of the Dungeon.
             The game lasted 00:23:00 (4350 turns).

Pooter the Chopper (Minotaur Berserker)             Turns: 4350, Time: 00:23:01

Health: -4/61      AC: 10    Str: 22 (23) XL:     7   Next: 30%
Magic:  6/6        EV: 10    Int:  3 (4)  God:    Trog [***...]
Gold:   265        SH:  0    Dex:  9 (10) Spells: 6/6 levels left

rFire   . . .      SeeInvis .   a - +0 halberd (venom)
rCold   . . .      Faith    .   (shield currently unavailable)
rNeg    + . .      Spirit   .   e - +0 scale mail
rPois   .          Reflect  .   (helmet restricted)
rElec   .          Harm     .   h - +1 cloak "Coluss" {+Inv rN+ Slay+2 Stlth+}
rCorr   .          Rampage  .   g - +0 pair of gloves
Will    ++...                   c - +0 pair of boots
Stlth   +.........              (no amulet)
HPRegen 1.20/turn               u - ring of flight
MPRegen 0.10/turn               (no ring)

@: lethally poisoned (-4 -> -7), strong-willed (expiring), flying, regenerating
(expiring)
A: horns 2, retaliatory headbutt
a: Renounce Religion, Evoke Invisibility, Berserk, Trog's Hand


You were on level 5 of the Dungeon.
You worshipped Trog.
Trog was most pleased with you.
You visited 1 branch of the dungeon, and saw 5 of its levels.

You collected 265 gold pieces.

Inventory:

Hand Weapons
 a - a +0 halberd of venom (weapon)
   (You took it off a gnoll on level 3 of the Dungeon)
 b - a +2 vorpal sling
   (You found it on level 2 of the Dungeon)
 r - a +0 hand axe
 w - a +0 morningstar
   (You took it off an orc on level 3 of the Dungeon)
Missiles
 k - a throwing net {!f}
 t - 15 poisoned darts (quivered)
 x - a boomerang
 Q - 56 stones
Armour
 c - a +0 pair of boots (worn)
   (You found it on level 1 of the Dungeon)
 e - a +0 scale mail (worn)
   (You found it on level 1 of the Dungeon)
 g - a +0 pair of gloves (worn)
   (You found it on level 1 of the Dungeon)
 h - the +1 cloak "Coluss" (worn) {+Inv rN+ Slay+2 Stlth+}
   (You acquired it on level 2 of the Dungeon)

   Slay:      It affects your accuracy & damage with ranged weapons and melee
   (+2).
   rN:        It protects you from negative energy.
   +Inv:      It lets you turn invisible.
   Stlth:     It makes you more stealthy.
Jewellery
 u - a ring of flight (left hand)
   (You found it on level 3 of the Dungeon)
 y - a ring of magical power
   (You found it on level 4 of the Dungeon)
Scrolls
 d - a scroll of fog
 i - a scroll of magic mapping {unknown}
 j - 3 scrolls of noise {!r}
 l - a scroll of fear {unknown}
 m - a scroll of vulnerability {!r}
 p - a scroll of immolation {unknown}
 z - a scroll of enchant armour {unknown}
Potions
 n - a potion of heal wounds {unknown}
 o - 3 potions of degeneration {!q}
 q - 2 potions of brilliance {unknown}
 s - a potion of mutation {unknown}
 v - 2 potions of resistance {unknown}


   Skills:
 + Level 5.6 Fighting
 * Level 7.2 Axes
 + Level 3.6 Ranged Weapons
 - Level 2.4 Armour
 - Level 2.1 Dodging
 + Level 2.7 Evocations


You had 6 spell levels left.
You didn't know any spells.
Your spell library was empty.

Dungeon Overview and Level Annotations

Branches:
Dungeon (5/15)             Temple (0/1) D:4

Altars:

Shops:
D:4 (


Innate Abilities, Weirdness & Mutations

You have a pair of horns on your head.
You reflexively headbutt those who attack you in melee.


Message History

Duvessa hits you but does no damage.
You are more poisoned.
Dowan hits you but does no damage.
You impale Dowan!!
Dowan is poisoned.
You feel very sick. Duvessa barely misses you. You furiously retaliate!
You headbutt Duvessa. Dowan hits you with a +0 dagger.
You closely miss Dowan. You headbutt Dowan.
You kill Dowan!
Trog accepts your kill.
Trog appreciates your killing of a magic user.
Duvessa weeps, and shakes her weapon.
Duvessa goes berserk!
You feel very sick. Duvessa closely misses you. Duvessa barely misses you.
You furiously retaliate!
You headbutt Duvessa. You hit Duvessa.
Duvessa looks as sick as possible!
Your headbutt misses Duvessa.
You feel very sick.
Duvessa hits you with a +0 short sword of venom.
You are more poisoned.
Duvessa hits you with a +0 short sword of venom!
* * * LOW HITPOINT WARNING * * *
You are lethally poisoned!
You feel better. Duvessa barely misses you. You furiously retaliate!
You headbutt Duvessa, but do no damage. The worm misses you.
Duvessa misses you. You furiously retaliate!
You headbutt Duvessa, but do no damage. You slash Duvessa!
Duvessa looks as sick as possible!
You feel the effects of Trog's Hand fading.
Duvessa hits you with a +0 short sword of venom!
* * * LOW HITPOINT WARNING * * *
You are poisoned.
Duvessa hits you with a +0 short sword of venom!
* * * LOW HITPOINT WARNING * * *
You are lethally poisoned!
You closely miss Duvessa.
* * * LOW HITPOINT WARNING * * *
You feel very sick.
You kill Duvessa!
Trog accepts your kill. The worm barely misses you.
Your Axes skill increases to level 7!
It was a potion of degeneration.
There was something very wrong with that liquid.
You feel weakened.
You feel dopey.
You feel clumsy.
* * * LOW HITPOINT WARNING * * *
You feel very sick. The worm bites you.
You die...

##.##
#####...##
.........<#
.#####....#
##.#.# ##
#.#.#######....
#.#.........#
#.......##..
#######@#
#)w......
####.##.# #


You could see a worm.

Vanquished Creatures
  A water moccasin (D:3)
  Duvessa (D:5)
  A necrophage (D:4)
  Dowan (D:5)
  2 orc priests
  Natasha (twice) (D:3)
  An iguana (D:4)
  2 orc wizards (D:4)
  4 gnolls (D:3)
  2 adders (D:4)
  3 worms
  3 dart slugs
  7 orcs
  9 bats
  4 endoplasms (D:1)
  2 giant cockroaches
  7 goblins
  4 hobgoblins
  3 jackals (D:2)
  3 quokkas
  9 ball pythons
  3 frilled lizards
  7 kobolds
  6 rats
87 creatures vanquished.

Notes
Turn   | Place    | Note
-------+----------+-------------------------------------------
     0 | D:1      | Pooter the Minotaur Berserker began the quest for the Orb.
     0 | D:1      | Reached XP level 1. HP: 19/19 MP: 0/0
    99 | D:1      | Reached skill level 4 in Axes
   105 | D:1      | Reached XP level 2. HP: 27/27 MP: 1/1
   226 | D:1      | Reached skill level 1 in Ranged Weapons
   269 | D:1      | Found a faded altar of an unknown god.
   275 | D:1      | Reached ** piety under Trog
   987 | D:2      | Reached XP level 3. HP: 33/33 MP: 2/2
  1047 | D:2      | Identified a scroll of acquirement
  1048 | D:2      | Acquired the +1 cloak "Coluss" {+Inv rN+ Slay+2 Stlth+}
  1707 | D:3      | Noticed a water moccasin
  1712 | D:3      | Killed a water moccasin
  1713 | D:3      | Reached skill level 5 in Axes
  1713 | D:3      | Reached skill level 1 in Evocations
  1713 | D:3      | Reached XP level 4. HP: 41/41 MP: 3/3
  1713 | D:3      | Reached XP level 5. HP: 47/47 MP: 4/4
  2558 | D:3      | Noticed Natasha
  2571 | D:3      | Killed Natasha
  2734 | D:3      | Reached skill level 6 in Axes
  2734 | D:3      | Reached XP level 6. HP: 44/55 MP: 5/5
  2766 | D:3      | Noticed Natasha
  2776 | D:3      | Killed Natasha
  3081 | D:3      | Reached *** piety under Trog
  3310 | D:4      | Reached skill level 5 in Fighting
  3634 | D:4      | Found Rium's Antique Weapon Emporium.
  4150 | D:4      | Reached XP level 7. HP: 61/61 MP: 6/6
  4188 | D:4      | Found a staircase to the Ecumenical Temple.
  4285 | D:5      | Entered Level 5 of the Dungeon
  4336 | D:5      | Noticed Duvessa
  4336 | D:5      | Noticed Dowan
  4345 | D:5      | Killed Dowan
  4349 | D:5      | HP: 2/61 [poisoned by Duvessa]
  4349 | D:5      | Killed Duvessa
  4350 | D:5      | Reached skill level 7 in Axes
  4350 | D:5      | Slain by a worm

Illustrated notes

Levels and vault maps discovered:
D:1:      dpeg_arrival_shrine, layout_basic, nicolae_ecumenical_snake_handling
D:2:      layout_basic, minmay_tiny_reverse_x
D:3:      layout_loops_corners, uniq_natasha
D:4:      layout_loops_corners, minmay_temple_entry_enclosed_plants,
          serial_shops, shop, grunt_decor_mini_mirrors
D:5:      layout_loops_ring, uniq_duvessa, uniq_grinder

Skill      XL: |  1  2  3  4  5  6  7 |
---------------+----------------------+-----
Axes           | 4 5 6 7 |  7.2
Ranged Weapons | 1 2 3 |  3.6
Fighting       | 4 5 |  5.6
Evocations     | 1 2 |  2.7
Armour         | |  2.4
Dodging        | |  2.1

Action                   |  1- 3 |  4- 6 |  7- 9 || total
-------------------------+-------+-------+-------++-------
Melee: Hand axe          |    60 |    12 |       ||    72
       Headbutt          |    12 |    10 |     1 ||    23
       Halberd           |       |    75 |    12 ||    87
 Fire: Sling             |     9 |    49 |       ||    58
Throw: Stone             |     2 |       |       ||     2
Invok: Berserk           |     2 |     2 |       ||     4
       Trog's Hand       |       |     2 |     1 ||     3
  Use: Scroll            |     5 |       |       ||     5
       Potion            |       |     1 |     2 ||     3
Armor: Animal skin       |     1 |       |       ||     1
       Scale mail        |    20 |    56 |     4 ||    80
Dodge: Dodged            |    38 |    42 |     8 ||    88

Table legend: (Time is in decaauts)
 A = Elapsed time spent in this place.
 B = Non-inter-level travel time spent in this place.
 C = Inter-level travel time spent in this place.
 D = Time resting spent in this place.
 E = Time spent auto-exploring this place.
 F = Levels seen in this place.
 G = Mean time per level.
                   A        B        C        D        E       F      G
               +--------+--------+--------+--------+--------+-----+--------+
         Total |   4432 |   4340 |     92 |    841 |   2840 |   5 |  886.4 |
       Dungeon |   4432 |   4340 |     92 |    841 |   2840 |   5 |  886.4 |
               +--------+--------+--------+--------+--------+-----+--------+

Top non-repeatable levels by time:
     D:3: 1433 daAuts
     D:4: 1043 daAuts
     D:2: 995 daAuts
     D:1: 893 daAuts
     D:5: 66 daAuts
